 Dungeon Crawl Stone Soup version 0.23.1-41-g7e51ed3 (webtiles) character file.

Game seed: 13837395848291721754

43973 misha the Warrior (level 13, -8/130 HPs)
             Began as a Minotaur Fighter on Mar 26, 2019.
             Was a High Priest of Trog.
             Killed by divine providence
             ... invoked by a meliai
              (11 damage)
             ... on level 15 of the Dungeon on Mar 29, 2019.
             The game lasted 00:58:18 (20256 turns).

misha the Warrior (Minotaur Fighter)               Turns: 20256, Time: 00:58:18

Health: -8/130     AC: 11    Str: 25    XL:     13   Next: 93%
Magic:  0/12       EV:  8    Int:  4    God:    Trog [*****.]
Gold:   858        SH: 22    Dex: 17    Spells: 12/12 levels left

rFire    + + +     SeeInvis +   K - +1 broad axe
rCold    + . .     Gourm    .   t - +1 large shield {rF+}
rNeg     . . .     Faith    .   M - +3 ring mail of the Bard {rF+++ Int-4 Dex+6}
rPois    .         Spirit   +   (helmet restricted)
rElec    .         Reflect  .   X - scarf {Spirit}
rCorr    .         Harm     .   o - +0 pair of gloves
MR       .....                  g - +0 pair of boots
Stlth    +.........             k - amulet of rage
HPRegen  0.31/turn              a - ring of protection from cold
MPRegen  0.13/turn              N - ring "Jizut" {Int+3 SInv}

@: lethally poisoned (-8 -> -19), lightly drained
A: retaliatory headbutt, horns 2
a: Berserk, Trog's Hand, Brothers in Arms, Renounce Religion, Evoke Berserk Rage


You were on level 15 of the Dungeon.
You worshipped Trog.
Trog was extremely pleased with you.
You were not hungry.

You visited 2 branches of the dungeon, and saw 16 of its levels.
You also visited: Ossuary.

You collected 900 gold pieces.
You spent 42 gold pieces at shops.

Inventory:

Hand Weapons
 K - a +1 broad axe (weapon)
Missiles
 l - 37 tomahawks (quivered)
 O - a throwing net
 S - 5 poisoned tomahawks
 U - 5 steel tomahawks
Armour
 g - a +0 pair of boots (worn)
 o - a +0 pair of gloves (worn)
 t - a +1 large shield of fire resistance (worn)
 M - the +3 ring mail of the Bard (worn) {rF+++ Int-4 Dex+6}
   (You found it on level 12 of the Dungeon)

   It affects your intelligence (-4).
   It affects your dexterity (+6).
   It renders you almost immune to fire.
 R - a +1 plate armour
 X - a scarf of spirit shield (worn)
Jewellery
 a - a ring of protection from cold (left hand)
 e - an uncursed ring of positive energy
 k - an amulet of rage (around neck)
 p - an uncursed amulet of guardian spirit {unknown}
 s - an uncursed ring of stealth
 I - an uncursed ring of protection from magic
 N - the ring "Jizut" (right hand) {Int+3 SInv}
   (You found it on level 9 of the Dungeon)

   [ring of intelligence]

   It affects your intelligence (+3).
   It lets you see invisible.
 P - an uncursed ring of ice
 T - an uncursed ring of protection from cold
Wands
 b - a wand of iceblast (9)
 q - a wand of flame (20)
 y - a wand of digging (4)
 C - a wand of acid (14)
 D - a wand of polymorph (2)
 F - a wand of enslavement (7)
 Q - a wand of disintegration (9)
Scrolls
 i - 7 scrolls of teleportation
 r - a scroll of random uselessness {unknown}
 u - 4 scrolls of fog
 v - 3 scrolls of enchant weapon
 w - 2 scrolls of blinking {unknown}
 z - 2 scrolls of immolation {unknown}
 B - a scroll of silence {unknown}
 E - 7 scrolls of remove curse
 G - 2 scrolls of magic mapping
 J - a scroll of holy word {unknown}
 Y - a scroll of vulnerability {unknown}
Potions
 c - a potion of haste
 d - 3 potions of brilliance
 h - a potion of flight
 j - 3 potions of curing
 m - 4 potions of mutation
 n - a potion of lignification
 x - 6 potions of agility
 A - a potion of invisibility
 H - 2 potions of ambrosia
 L - a potion of resistance
 V - a potion of berserk rage
 W - a potion of cancellation
Miscellaneous
 Z - a box of beasts
Comestibles
 f - 12 rations


   Skills:
 + Level 16.3(15.8) Fighting
 - Level 16.0(15.5) Axes
 - Level 3.6(3.3) Armour
 + Level 16.3(15.8) Shields


You had 12 spell levels left.
You didn't know any spells.
Your spell library was empty.

Dungeon Overview and Level Annotations

Branches:
Dungeon (15/15)            Temple (1/1) D:4            Lair (0/6) D:11
    Orc (0/2) D:11         Vaults (0/5) D:14
 Depths: D:15

Altars:
Ashenzari
Cheibriados
Dithmenos
Elyvilon
Fedhas
Gozag
Hepliaklqana
Kikubaaqudgha
Nemelex Xobeh
Okawaru
Qazlal
Ru
Trog
Uskayaw
Vehumet
Xom
Yredelemnul
Zin
Beogh

Shops:
D:6 *   D:8 =   D:12 [   D:14 !*

Annotations:
D:13 grocchini's ghost, adept MfGl


Innate Abilities, Weirdness & Mutations

You reflexively headbutt those who attack you in melee.
You have a pair of horns on your head.


Message History

You slash the meliai!
The meliai is severely wounded.
You slash the meliai! You hit the wight.
You feel sick.
The meliai calls down the wrath of its god upon you.
Something smites you!
* * * LOW HITPOINT WARNING * * *
You block the meliai's attack. The meliai barely misses you.
The meliai invokes the aid of its god against you.
Something smites you!
* * * LOW HITPOINT WARNING * * *
You feel better. You block the meliai's attack. The meliai stings you.
* * * LOW HITPOINT WARNING * * *
You are poisoned.
The meliai poisons you!
The meliai invokes the aid of its god against you.
Something smites you!
* * * LOW HITPOINT WARNING * * *
The meliai invokes the aid of its god against you.
Something smites you!
You die...

#..............
###...........#
#####.....)...
#...#####.# .
##...### .##yy
#......###...
#.#.##.#... .
#.#.##.#z###...#
#.#....y@.z.....
##.###.###y#..#..
#......# .?. ..#
.......###.#
.#..# # #.####.#
#... ....# #.#
#.##### ## .#.
.## . # # #.


You could see 2 meliai and 2 wights.

Vanquished Creatures
  Fannar (D:10)
  3 centaur warriors
  A catoblepas (D:13)
  5 two-headed ogres
  A tengu warrior (D:14)
  4 skeletal warriors (D:11)
  2 unseen horrors
  3 orc knights
  2 deep elf magi
  3 cyclopes
  11 ugly things
  3 manticores
  Joseph (D:8)
  A gargoyle (D:14)
  A komodo dragon (D:13)
  3 trolls
  4 meliai
  2 hornets
  Prince Ribbit (D:5)
  2 hippogriffs
  13 slime creatures
  A redback (D:13)
  A vampire (D:10)
  3 wyverns
  A shadow (D:15)
  16 humans (D:14)
  Eustachio (D:5)
  10 yaks
  2 wraiths
  2 basilisks (D:13)
  2 hungry ghosts
  A steam dragon (D:8)
  3 acid dragons
  A water moccasin (D:11)
  2 soldier ants (D:8)
  20 orc warriors
  A porcupine (D:11)
  2 ice beasts
  3 sky beasts
  4 necrophages
  3 phantoms
  5 boggarts (D:15)
  5 ogres
  18 centaurs
  An elf zombie (Ossuary)
  A big kobold (D:10)
  Blork the orc (D:4)
  9 bullfrogs
  A water moccasin zombie (D:9)
  4 scorpions
  6 killer bees (D:13)
  A troll skeleton (D:13)
  14 wights
  2 spriggan skeletons (D:13)
  4 howler monkeys
  2 bullfrog zombies
  11 crimson imps
  2 jellies
  6 centaur zombies
  19 orc priests
  29 orc wizards
  6 bullfrog skeletons
  6 hounds
  2 human zombies (Ossuary)
  5 centaur skeletons
  2 iguanas
  7 worker ants
  A big kobold zombie (Ossuary)
  2 hound zombies (Ossuary)
  3 mummies (Ossuary)
  2 howler monkey skeletons
  Robin (D:3)
  12 adders
  5 shadow imps
  3 oozes
  3 worms
  4 adder skeletons
  2 adder zombies (Ossuary)
  4 dart slugs
  5 leopard geckos
  75 orcs
  3 ball pythons
  3 giant cockroaches
  14 goblins
  12 hobgoblins
  11 jackals
  3 quokkas
  A ball python skeleton (D:4)
  9 bats
  7 frilled lizards
  5 goblin zombies (Ossuary)
  4 hobgoblin zombies (Ossuary)
  3 jackal zombies (Ossuary)
  12 kobolds
  3 kobold zombies (Ossuary)
  A leopard gecko skeleton (D:6)
  A leopard gecko zombie (D:9)
  An orc zombie (Ossuary)
  3 quokka zombies (Ossuary)
  5 rats
  6 rat zombies (Ossuary)
544 creatures vanquished.

Vanquished Creatures (collateral kills)
  A hydra (D:13)
  2 ugly things (D:14)
  A moth of wrath (D:13)
  2 redbacks (D:13)
6 creatures vanquished.

Vanquished Creatures (others)
  An orc wizard (D:10)
  A worker ant (D:14)
2 creatures vanquished.

Grand Total: 552 creatures vanquished

Notes
Turn   | Place    | Note
-------+----------+-------------------------------------------
     0 | D:1      | misha the Minotaur Fighter began the quest for the Orb.
     0 | D:1      | Reached XP level 1. HP: 19/19 MP: 0/0
    19 | D:1      | Upgraded the game from 0.23.1-37-gaa34b87 to
                  | 0.23.1-38-g628c18f
   173 | D:1      | Reached XP level 2. HP: 26/27 MP: 1/1
   403 | D:1      | Found a sparkling altar of Nemelex Xobeh.
   714 | D:2      | Reached XP level 3. HP: 33/33 MP: 2/2
   741 | D:2      | Found a radiant altar of Vehumet.
  1145 | D:2      | Reached XP level 4. HP: 41/41 MP: 3/3
  1908 | D:4      | Noticed Robin
  1913 | D:3      | Killed Robin
  1913 | D:3      | Reached XP level 5. HP: 43/47 MP: 4/4
  1992 | D:4      | Reached skill level 5 in Axes
  2270 | D:4      | Found a staircase to the Ecumenical Temple.
  2286 | D:4      | Noticed a phantom
  2292 | Temple   | Entered the Ecumenical Temple
  2368 | Temple   | Became a worshipper of Trog the Wrathful
  2420 | D:4      | Killed a phantom
  2420 | D:4      | Reached skill level 5 in Fighting
  2420 | D:4      | Reached skill level 5 in Shields
  2420 | D:4      | Reached XP level 6. HP: 39/56 MP: 5/5
  2979 | D:4      | Found a shattered altar of Ashenzari.
  2980 | D:4      | Found a sparkling altar of Nemelex Xobeh.
  3047 | D:4      | Noticed Blork the orc
  3054 | D:4      | Killed Blork the orc
  3153 | D:4      | Reached XP level 7. HP: 53/62 MP: 6/6
  3198 | D:5      | Entered Level 5 of the Dungeon
  3425 | D:5      | Reached * piety under Trog
  3836 | D:5      | Noticed Prince Ribbit
  3851 | D:5      | Killed Prince Ribbit
  4064 | D:5      | Reached XP level 8. HP: 70/71 MP: 7/7
  4195 | D:5      | Noticed Eustachio
  4216 | D:5      | Killed Eustachio
  4907 | D:5      | Reached skill level 10 in Axes
  5270 | D:6      | Found Qazej's General Store.
  5274 | D:6      | Reached XP level 9. HP: 74/81 MP: 8/8
  5281 | D:6      | Bought a scroll of teleportation for 42 gold pieces
  5787 | D:7      | Found a sand-covered staircase.
  5819 | Ossuary  | Entered an ossuary
  5839 | Ossuary  | Reached ** piety under Trog
  6215 | D:7      | Reached *** piety under Trog
  6254 | D:7      | Found a shattered altar of Ashenzari.
  6604 | D:7      | Found a basalt altar of Yredelemnul.
  6604 | D:7      | Found a sacrificial altar of Ru.
  7137 | D:8      | Reached XP level 10. HP: 59/90 MP: 9/9
  7400 | D:8      | Noticed Joseph
  7415 | D:8      | Killed Joseph
  7670 | D:8      | Found a snail-covered altar of Cheibriados.
  8005 | D:8      | Reached skill level 10 in Shields
  8075 | D:8      | Found Qicacuobb's Jewellery Emporium.
  8716 | D:9      | Reached skill level 10 in Fighting
  8988 | D:9      | Noticed a two-headed ogre
  9013 | D:9      | Killed a two-headed ogre
  9421 | D:9      | Reached **** piety under Trog
  9484 | D:9      | Got a sparkling turquoise ring
  9599 | D:9      | Noticed a two-headed ogre
  9605 | D:9      | Killed a two-headed ogre
  9909 | D:9      | Reached XP level 11. HP: 100/100 MP: 10/10
 10158 | D:10     | Entered Level 10 of the Dungeon
 10518 | D:10     | Noticed Fannar
 10538 | D:10     | Killed Fannar
 10679 | D:10     | Reached ***** piety under Trog
 10868 | D:10     | Killed an unseen horror
 11890 | D:11     | Noticed a two-headed ogre
 11901 | D:11     | Noticed a brown ugly thing
 11907 | D:11     | Killed a two-headed ogre
 11907 | D:11     | Reached skill level 15 in Axes
 11920 | D:11     | Killed a brown ugly thing
 12157 | D:11     | Noticed an orc knight
 12191 | D:11     | Killed an orc knight
 12375 | D:11     | Found a staircase to the Orcish Mines.
 12376 | D:11     | Found a roughly hewn altar of Beogh.
 12665 | D:11     | Noticed a skeletal warrior
 12665 | D:11     | Noticed a skeletal warrior
 12684 | D:11     | Killed a skeletal warrior
 12693 | D:11     | Killed a skeletal warrior
 12693 | D:11     | Reached XP level 12. HP: 112/112 MP: 11/11
 13147 | D:11     | Noticed a two-headed ogre
 13154 | D:11     | Killed a two-headed ogre
 13273 | D:11     | Found a staircase to the Lair.
 14231 | D:12     | Found Evoschar's Armour Shoppe.
 14644 | D:12     | Got a scorched ring mail
 14740 | D:12     | You fall through a shaft for 2 floors!
 14768 | D:13     | Received a gift from Trog
 15585 | D:13     | Noticed a catoblepas
 15585 | D:13     | Noticed grocchini's ghost (adept MfGl)
 15594 | D:13     | Found a transporter.
 15595 | D:13     | Noticed a five-headed hydra
 15619 | D:13     | Found a transporter.
 15786 | D:13     | Identified the ring "Jizut" {Int+3 SInv} (You found it on
                  | level 9 of the Dungeon)
 15910 | D:13     | Noticed a centaur warrior
 15923 | D:13     | Killed a centaur warrior
 16427 | D:13     | Killed a seven-headed hydra
 16430 | D:13     | Reached XP level 13. HP: 14/124 MP: 12/12
 16436 | D:13     | HP: 9/186 [poisoned by a redback]
 16439 | D:13     | HP: 4/124 [poisoned by a redback]
 16843 | D:13     | Identified the +3 ring mail of the Bard {rF+++ Int-4 Dex+6}
                  | (You found it on level 12 of the Dungeon)
 17757 | D:14     | Found a gate to the Vaults.
 17779 | D:14     | Reached skill level 15 in Fighting
 17779 | D:14     | Reached skill level 15 in Shields
 18285 | D:14     | Found Cuaqaon's Demolitions Depot.
 18459 | D:14     | Found Keojeirgh's Distillery.
 18487 | D:14     | Identified the +9 whip "Soemoong" {flame, rF+ MR+}
 18512 | D:14     | HP: 1/128 [green ugly thing (12)]
 19859 | D:13     | Upgraded the game from 0.23.1-38-g628c18f to
                  | 0.23.1-41-g7e51ed3
 20039 | D:15     | Entered Level 15 of the Dungeon
 20114 | D:15     | Received a gift from Trog
 20255 | D:15     | HP: 5/130 [meliai/divine providence (8)]
 20256 | D:15     | Killed from afar by a meliai

Skill      XL: |  1  2  3  4  5  6  7  8  9 10 11 12 13 |
---------------+----------------------------------------+-----
Axes           | 3 4 5 6 8 10 12 13 15 16 | 16.0
Shields        | 4 5 6 7 9 10 12 14 16 | 16.3
Fighting       | 4 5 6 7 9 10 12 14 16 | 16.3
Armour         | |  3.6

Action                   |  1- 3 |  4- 6 |  7- 9 | 10-12 | 13-15 || total
-------------------------+-------+-------+-------+-------+-------++-------
Melee: War axe           |   100 |   172 |   336 |       |       ||   608
       Headbutt          |    13 |    22 |    83 |   157 |    74 ||   349
       Hand axe          |       |       |    31 |    64 |       ||    95
       Broad axe         |       |       |       |   675 |   307 ||   982
Invok: Berserk           |       |       |     1 |    10 |     6 ||    17
       Brothers in Arms  |       |       |       |     2 |     3 ||     5
  Use: Scroll            |       |     2 |     5 |     9 |     7 ||    23
       Potion            |       |     1 |       |     4 |     9 ||    14
  Eat: Chunk             |       |     4 |     8 |     9 |     2 ||    23
       Ration            |       |     1 |     2 |    10 |     5 ||    18
Armor: Scale mail        |    56 |    80 |    72 |       |       ||   208
       Chain mail        |       |       |    13 |    17 |       ||    30
       Plate armour      |       |       |       |   209 |     1 ||   210
       Skin              |       |       |       |    11 |     1 ||    12
       Ring mail         |       |       |       |       |    60 ||    60
Dodge: Dodged            |    39 |    55 |    44 |    62 |    36 ||   236
Block: Shield            |    60 |    58 |       |       |       ||   118
       Large shield      |       |    49 |   318 |   628 |   244 ||  1239
